 Dungeon Crawl Stone Soup version 0.23.2 (webtiles) character file.

Game seed: 3249379926621629737

8489 Borgoz the Slicer (level 11, -5/99 HPs)
             Began as a Gargoyle Gladiator on Apr 9, 2019.
             Was a Follower of Ashenzari.
             Slain by a reaper
             ... wielding a +2 scythe of freezing
              (28 damage)
             ... in an ice cave.
             The game lasted 00:21:00 (12097 turns).

Borgoz the Slicer (Gargoyle Gladiator)             Turns: 12097, Time: 00:21:00

Health: -5/99      AC: 25    Str: 22    XL:     11   Next: 31%
Magic:  15/15      EV:  2    Int: 10    God:    Ashenzari [*.....]
Gold:   670        SH:  0    Dex: 14    Spells: 12/16 levels left

rFire    . . .     SeeInvis .   b - +1 dagger (venom)
rCold    . . .     Gourm    .   (no shield)
rNeg     + + +     Faith    .   (armour currently unavailable)
rPois    ∞         Spirit   .   (helmet currently unavailable)
rElec    .         Reflect  .   (cloak currently unavailable)
rCorr    +         Harm     .   (gloves currently unavailable)
MR       +....     NoTele   +   (boots currently unavailable)
Stlth    +++.......             (no amulet)
HPRegen  0.26/turn              g - ring of resist corrosion
MPRegen  0.14/turn              c - ring of protection from magic

@: mighty, tree-form
A: negative energy resistance 1, petrification resistance, rot immunity, AC +8
a: Curse Item, Scrying, Renounce Religion


You were in an ice cave.
You worshipped Ashenzari.
Ashenzari was aware of your devotion.
You were hungry.
You were a tree.
You visited 3 branches of the dungeon, and saw 13 of its levels.
You also visited: Ice Cave.

You collected 670 gold pieces.

Inventory:

Hand Weapons
 a - a +1 rapier
 b - a +1 dagger of venom (weapon)
 l - a +0 rapier
Missiles
 p - 9 javelins (quivered)
 F - 5 tomahawks
Armour
 q - a +1 cloak of invisibility (melded)
 u - a +0 helmet (melded)
 y - a +0 pair of boots (melded)
 D - the cursed +1 chain mail "Imocku" (melded) {rF+++}
   (You found it on level 10 of the Dungeon)

   It renders you almost immune to fire.
   It has a curse placed upon it.
Jewellery
 c - a ring of protection from magic (right branch)
 g - a ring of resist corrosion (left branch)
 h - an uncursed ring of flight
 s - an uncursed ring of positive energy
 C - a +3 ring of intelligence
Wands
 E - a wand of random effects (83)
 G - a wand of flame (33)
Scrolls
 e - a scroll of enchant armour
 k - a scroll of fear
 n - a scroll of teleportation
 r - a scroll of enchant weapon
 t - 2 scrolls of magic mapping
 w - 6 scrolls of remove curse
 B - a scroll of blinking
Potions
 j - a potion of magic
 m - 2 potions of haste
 v - a potion of flight
 x - a potion of brilliance
Comestibles
 f - 13 rations


   Skills:
 + Level 6.8 Fighting
 * Level 8.2 Short Blades
 - Level 1.7 Throwing
 * Level 7.5 Armour
 * Level 7.4 Dodging
 + Level 6.9 Stealth
 + Level 3.0 Spellcasting
 + Level 3.1 Hexes
 + Level 3.2 Evocations


You had 12 spell levels left.
You knew the following spells:

 Your Spells              Type           Power        Failure   Level  Hunger
a - Confusing Touch       Hex            #.....       8%          1    #......
b - Confuse               Hex            #.......     24%         3    ###....

Your spell library contained the following spells:

 Spells                   Type           Power        Failure   Level  Hunger
 Animate Skeleton         Necr           N/A          28%         1    #......
 Apportation              Tloc           #.....       28%         1    #......
 Infusion                 Chrm           #...         28%         1    #......
 Summon Small Mammal      Summ           #...         28%         1    #......
 Shroud of Golubria       Chrm/Tloc      #.........   38%         2    ###....
 Song of Slaying          Chrm           #.......     38%         2    ###....
 Spectral Weapon          Hex/Chrm       #.......     41%         3    ###....
 Gell's Gravitas          Tloc           #.........   63%         3    ###....
 Regeneration             Chrm/Necr      #.........   63%         3    ###....
 Petrify                  Tmut/Erth      #.......     95%         4    #####..
 Metabolic Englaciation   Hex/Ice        #.........   99%         5    ######.
 Yara's Violent Unravell  Hex/Tmut       #.........   99%         5    ######.


Dungeon Overview and Level Annotations

Branches:
Dungeon (11/15)            Temple (1/1) D:7            Lair (0/6) D:10
    Orc (1/2) D:10

Altars:
Ashenzari
Cheibriados
Dithmenos
Elyvilon
Fedhas
Gozag
Hepliaklqana
Kikubaaqudgha
Makhleb
Nemelex Xobeh
Okawaru
Qazlal
Ru
Sif Muna
Trog
Uskayaw
Vehumet
Wu Jian
Xom
Yredelemnul
Zin
The Shining One

Annotations:
IceCv exclusion: 2 ice statues


Innate Abilities, Weirdness & Mutations

You are resistant to torment.
((Your stone body is resilient. (AC +8)))
You are immune to poison.
You resist negative energy. (rN+)
((You are resistant to electric shocks. (rElec)))
((You can survive without breathing.))
You are immune to petrification.
You are immune to rotting.


Message History

The ice devil is severely wounded.
The ice devil hits you but does no damage.
You hit the ice devil.
The ice devil is severely wounded.
The ice devil hits you but does no damage.
The reaper hits you from afar with a +2 scythe of freezing!!
The reaper freezes you!
* * * LOW HITPOINT WARNING * * *
You hear a shout!
You hit the ice devil but do no damage.
The ice devil is almost dead.
You puncture the ice devil!
You kill the ice devil!
The white imp spits at you.
Okay, then.
As you read the scroll of fear, it crumbles to dust.
You assume a fearsome visage.
The reaper is unaffected.
The white imp is unaffected.
The ice devil is unaffected. x3
The reaper hits you from afar with a +2 scythe of freezing!!
You die...

##...## #..∩..##
.. .......#
##.### ...∩...#
## ..... #.....##
.##5.. ##...##
5...# #...## ###
...# . ##...#
##...###2.# .###
##...#
##.....♣445#...§4
##...##
#......##4.....#
#..[##
#....###5.....##
#..##
#....#........#
##..##
##.....##..####
##..#
###....##§..§.
##..####
###....☼§°≈§
8#....#8###
####.§§°.°§
..........#
#####≈°


You could see a reaper, 3 ice devils and a white imp.

Vanquished Creatures
  Maurice (D:8)
  A gargoyle (D:7)
  A troll (D:10)
  An ice devil (IceCv)
  A hippogriff (D:10)
  Prince Ribbit (D:7)
  10 yaks
  A wyvern (D:9)
  Menkaure (D:7)
  A hungry ghost (D:7)
  2 water moccasins
  Duvessa (D:7)
  4 porcupines (D:10)
  3 orc warriors
  3 black bears (D:10)
  A necrophage (D:10)
  A sky beast (D:6)
  4 ogres
  A wolf (D:10)
  4 crocodiles (D:10)
  6 centaurs
  A big kobold (D:9)
  5 bullfrogs
  Dowan (D:7)
  A water moccasin zombie (D:8)
  7 scorpions
  A water moccasin skeleton (D:5)
  6 killer bees (D:9)
  2 howler monkeys (D:8)
  2 crimson imps
  A bullfrog zombie (D:7)
  2 centaur skeletons
  A hound (D:4)
  6 orc wizards
  5 orc priests
  Crazy Yiuf (D:5)
  A gnoll shaman (D:5)
  5 iguanas
  A statue (D:9)
  7 worker ants
  A killer bee zombie (D:2)
  A hound skeleton (D:7)
  Robin (D:2)
  12 gnolls
  10 adders
  3 shadow imps
  2 white imps (IceCv)
  6 ufetubi (IceCv)
  An adder zombie (D:8)
  An ooze (D:3)
  2 adder skeletons
  3 worms
  3 dart slugs
  8 leopard geckos
  27 orcs
  12 bats
  4 giant cockroaches
  12 hobgoblins
  12 jackals
  13 kobolds
  3 quokkas
  2 ball pythons
  2 frilled lizards
  12 goblins
  2 jackal skeletons
  A quokka skeleton (D:4)
  7 rats
268 creatures vanquished.

Vanquished Creatures (others)
  2 white imps (IceCv)
  An ufetubus (IceCv)
  A fungus (D:10)
4 creatures vanquished.

Grand Total: 272 creatures vanquished

Notes
Turn   | Place    | Note
-------+----------+-------------------------------------------
     0 | D:1      | Borgoz the Gargoyle Gladiator began the quest for the Orb.
     0 | D:1      | Reached XP level 1. HP: 12/12 MP: 1/1
    63 | D:1      | Reached XP level 2. HP: 13/17 MP: 2/2
   238 | D:1      | Reached skill level 3 in Short Blades
   527 | D:1      | Reached XP level 3. HP: 22/22 MP: 3/3
   984 | D:2      | Reached skill level 1 in Stealth
   991 | D:2      | Noticed Robin
  1004 | D:3      | Reached skill level 1 in Armour
  1103 | D:3      | Found a white marble altar of Elyvilon.
  1158 | D:3      | Found a deep blue altar of Sif Muna.
  1404 | D:3      | Found a shadowy altar of Dithmenos.
  1411 | D:3      | Reached XP level 4. HP: 25/27 MP: 4/4
  1762 | D:4      | Reached XP level 5. HP: 18/32 MP: 5/5
  2632 | D:3      | Found a faded altar of an unknown god.
  2870 | D:2      | Reached XP level 6. HP: 37/37 MP: 6/6
  2931 | D:2      | Reached skill level 4 in Short Blades
  3139 | D:2      | Killed Robin
  3949 | D:4      | Reached XP level 7. HP: 37/41 MP: 7/7
  4284 | D:5      | Entered Level 5 of the Dungeon
  5241 | D:5      | Reached skill level 5 in Short Blades
  5487 | D:5      | Found a runed translucent door.
  5488 | D:5      | Noticed Crazy Yiuf
  5601 | D:5      | Killed Crazy Yiuf
  5757 | D:6      | Reached XP level 8. HP: 35/48 MP: 8/8
  6240 | D:6      | Reached skill level 5 in Dodging
  6943 | D:7      | Noticed Duvessa
  6943 | D:7      | Noticed Dowan
  6945 | D:7      | Noticed a gargoyle
  6953 | D:7      | Killed Duvessa
  6958 | D:7      | Killed Dowan
  6965 | D:7      | Killed a gargoyle
  6965 | D:7      | Reached skill level 5 in Fighting
  6965 | D:7      | Reached skill level 6 in Short Blades
  6965 | D:7      | Reached XP level 9. HP: 46/54 MP: 9/9
  7100 | D:7      | Reached skill level 5 in Stealth
  7604 | D:7      | Found a staircase to the Ecumenical Temple.
  7604 | D:7      | Noticed Menkaure
  7617 | Temple   | Entered the Ecumenical Temple
  7643 | Temple   | Became a worshipper of Ashenzari the Shackled
  7646 | Temple   | Learned a level 1 spell: Confusing Touch
  7650 | Temple   | Learned a level 3 spell: Confuse
  7735 | D:7      | Killed Menkaure
  7869 | D:7      | Reached skill level 5 in Armour
  7924 | D:7      | Noticed Prince Ribbit
  7943 | D:7      | Killed Prince Ribbit
  7954 | D:7      | Reached skill level 1 in Hexes
  7964 | D:7      | Reached skill level 1 in Evocations
  8248 | D:7      | Reached skill level 1 in Spellcasting
  8512 | D:8      | Noticed Maurice
  8582 | D:8      | Killed Maurice
  8582 | D:8      | Reached skill level 7 in Short Blades
  8582 | D:8      | Reached XP level 10. HP: 26/60 MP: 10/12
  9615 | D:9      | Reached * piety under Ashenzari
  9670 | D:9      | Found a bloodstained altar of Trog.
  9750 | D:9      | Found a radiant altar of Vehumet.
  9825 | D:9      | Noticed a +0 hand axe
  9825 | D:9      | Noticed a +0 dagger
  9859 | D:9      | Found a hide-covered altar of Uskayaw.
 10297 | D:9      | Found a blossoming altar of Fedhas.
 10322 | D:9      | Found an ancient bone altar of Kikubaaqudgha.
 10374 | D:9      | Found a sacrificial altar of Ru.
 10397 | D:9      | Found a hazy altar of Hepliaklqana.
 10693 | D:10     | Entered Level 10 of the Dungeon
 10693 | D:10     | Found a staircase to the Orcish Mines.
 10701 | Orc:1    | Entered Level 1 of the Orcish Mines
 11033 | D:10     | Reached XP level 11. HP: 64/66 MP: 13/15
 11079 | D:10     | Reached skill level 8 in Short Blades
 11298 | D:11     | Found a frozen archway.
 11364 | D:10     | Found a staircase to the Lair.
 11399 | D:10     | Got the cursed chain mail "Imocku" {rF+++}
 11819 | IceCv    | Entered an ice cave
 12033 | IceCv    | Identified the cursed +1 chain mail "Imocku" {rF+++} (You
                  | found it on level 10 of the Dungeon)
 12079 | IceCv    | Noticed a reaper
 12097 | IceCv    | Slain by a reaper

Skill      XL: |  1  2  3  4  5  6  7  8  9 10 11 |
---------------+----------------------------------+-----
Short Blades   | 3 4 5 6 7 8 |  8.2
Stealth        | 1 2 3 4 5 6 |  6.9
Armour         | 1 2 3 4 5 7 |  7.5
Dodging        | 3 4 5 6 7 |  7.4
Fighting       | 3 4 5 6 |  6.8
Hexes          | 1 2 3 |  3.1
Evocations     | 1 2 3 |  3.2
Spellcasting   | 1 2 3 |  3.0
Throwing       | |  1.7

Action                   |  1- 3 |  4- 6 |  7- 9 | 10-12 || total
-------------------------+-------+-------+-------+-------++-------
Melee: Rapier            |   116 |   327 |   284 |   226 ||   953
       Dagger            |       |       |   209 |   504 ||   713
Throw: Throwing net      |       |       |     7 |     1 ||     8
  Use: Potion            |       |     2 |     7 |     3 ||    12
       Scroll            |       |       |    10 |     8 ||    18
 Stab: Sleeping          |     1 |     5 |     8 |     5 ||    19
       Held in net/web   |       |       |     4 |       ||     4
       Distracted        |       |       |       |     1 ||     1
  Eat: Chunk             |     2 |     8 |    17 |     8 ||    35
       Ration            |       |       |     1 |     1 ||     2
Armor: Leather armour    |    60 |   132 |   153 |    27 ||   372
       Scale mail        |       |       |       |   245 ||   245
       Chain mail        |       |       |       |    10 ||    10
       Skin              |       |       |       |     8 ||     8
Dodge: Dodged            |   116 |   305 |   296 |   458 ||  1175
